 Dungeon Crawl Stone Soup version 0.28-a0-987-g8383568036 (webtiles) character file.

Game seed: 10861947105037463193

123 AarnesTheHuman the Gusty (level 5, 0/28 HPs)
             Began as a Tengu Air Elementalist on Dec 4, 2021.
             Slain by Grinder (6 damage)
             ... while paralysed by Grinder
             ... on level 4 of the Dungeon.
             The game lasted 00:06:41 (4083 turns).

AarnesTheHuman the Gusty (Tengu Air Elementalist)   Turns: 4083, Time: 00:06:42

Health: 0/28       AC:  3    Str:  8    XL:     5   Next: 7%
Magic:  0/10       EV:  2    Int: 17    God:
Gold:   80         SH:  0    Dex: 15    Spells: 5/9 levels left

rFire   . . .      SeeInvis .   p - +2 short sword (speed)
rCold   . . .      Faith    .   (no shield)
rNeg    . . .      Spirit   .   a - +1 robe
rPois   .          Reflect  .   (helmet restricted)
rElec   .          Harm     .   (no cloak)
rCorr   .          Rampage  .   (no gloves)
Will    .....                   (boots unavailable)
Stlth   ++........              (no amulet)
HPRegen 0.09/turn               (no ring)
MPRegen 0.12/turn               (no ring)

@: paralysed, flying quickly and evasively, quick
A: beak, talons 3, nimble flight
a: no special abilities


You were on level 4 of the Dungeon.
You visited 1 branch of the dungeon, and saw 4 of its levels.

You collected 80 gold pieces.

Inventory:

Hand Weapons
 f - a +0 mace
 i - a +0 dagger
 j - a +4 dagger
 p - a +2 short sword of speed (weapon)
Missiles
 b - 197 stones
 d - 14 poisoned darts
Armour
 a - a +1 robe (worn)
Potions
 c - 3 potions of curing
 k - a potion of flight {unknown}
 l - a potion of magic {unknown}
 r - 2 potions of haste {unknown}


   Skills:
 + Level 3.1 Dodging
 - Level 2.0 Stealth
 + Level 2.7 Spellcasting
 + Level 2.8 Conjurations
 * Level 5.7 Air Magic


You had 5 spell levels left.
You knew the following spells:

 Your Spells              Type           Power      Damage    Failure   Level
a - Shock                 Conj/Air       64%        1d7       3%          1
b - Static Discharge      Conj/Air       16%        N/A       4%          2
c - Magic Dart            Conj           48%        1d5       5%          1

Your spell library contained the following spells:

 Spells                   Type           Power      Damage    Failure   Level
 Swiftness                Air            21%        N/A       5%          3
 Mephitic Cloud           Conj/Pois/Air  12%        N/A       17%         3
 Airstrike                Air            10%        N/A       17%         4
 Call Imp                 Summ           2%         N/A       26%         2
 Scorch                   Fire           4%         2d5       26%         2
 Flame Wave               Conj/Fire      7%         2d4       69%         4
 Summon Cactus Giant      Summ           1%         N/A       100%        6


Dungeon Overview and Level Annotations

Branches:
Dungeon (4/15)
 Temple: D:4-7

Altars:

Annotations:
D:3 Sigmund
D:4 Grinder


Innate Abilities, Weirdness & Mutations

You have a beak for a mouth.
You have claws for feet.
Your magical nature lets you fly swiftly and evasively.


Message History

Grinder is struck by an arc of lightning.
Grinder is moderately wounded.
You are struck by an arc of lightning.
The lightning grounds out.
Grinder gestures at you. Pain shoots through your body!
Casting: Static Discharge (safe; 4% risk of failure)
Confirm with . or Enter, or press ? or * to list all spells.
Grinder is struck by an arc of lightning.
Grinder is heavily wounded.
The lightning grounds out.
Grinder gestures at you. Pain shoots through your body!
* * * LOW HITPOINT WARNING * * *
Casting: Static Discharge (safe; 4% risk of failure)
Confirm with . or Enter, or press ? or * to list all spells.
Grinder is struck by an arc of lightning.
Grinder is heavily wounded.
The lightning grounds out.
Grinder barely misses you.
Casting: Static Discharge (safe; 4% risk of failure)
Confirm with . or Enter, or press ? or * to list all spells.
Grinder is struck by an arc of lightning.
Grinder is severely wounded.
You are struck by an arc of lightning.
* * * LOW HITPOINT WARNING * * *
The lightning grounds out.
Grinder gestures at you. You resist with significant effort.
Casting: Static Discharge (safe; 4% risk of failure)
Confirm with . or Enter, or press ? or * to list all spells.
You don't have enough magic to cast this spell.
Casting: Static Discharge (safe; 4% risk of failure)
Confirm with . or Enter, or press ? or * to list all spells.
You don't have enough magic to cast this spell.
Unknown command.
Grinder gestures at you.
You suddenly lose the ability to move!
Grinder gestures at you.
You barely resist. Grinder hits you.
You die...

.#.# ...#.# #.#...
.#.#.# #.#.#5#.#
#.. #.#.#.# #
#.#$#.#<# ..
#.#.#.#.#.#.#.#.#.#
. #.#.#.#.#.#.#.#
#.# #.#.....#.#.#
#.# #.#...#.#.# #..
#..5..#.# #..
#.#@..#.# ..
#.....#.. . #.#.#.#
## #.#.#.# #.#.#.#
#...#.# #####.#


You could see Grinder.

Vanquished Creatures
  An iguana (D:4)
  3 adders
  A worm (D:2)
  A dart slug (D:1)
  8 ball pythons
  9 bats
  7 endoplasms
  2 giant cockroaches (D:3)
  6 goblins
  7 hobgoblins
  2 jackals (D:2)
  4 quokkas
  7 frilled lizards
  4 kobolds
  A rat (D:3)
63 creatures vanquished.

Notes
Turn   | Place    | Note
-------+----------+-------------------------------------------
     0 | D:1      | AarnesTheHuman the Tengu Air Elementalist began the quest
                  | for the Orb.
     0 | D:1      | Reached XP level 1. HP: 10/10 MP: 4/4
   469 | D:1      | Reached XP level 2. HP: 15/15 MP: 0/6
  1000 | D:1      | Learned a level 2 spell: Static Discharge
  1055 | D:1      | Reached XP level 3. HP: 16/19 MP: 0/7
  1670 | D:2      | Learned a level 1 spell: Magic Dart
  1952 | D:2      | Reached skill level 5 in Air Magic
  2467 | D:3      | Reached XP level 4. HP: 24/24 MP: 0/8
  2723 | D:3      | Noticed Sigmund
  3822 | D:4      | Gained mutation: Your magical nature lets you fly swiftly
                  | and evasively. [Tengu growth]
  3822 | D:4      | Reached XP level 5. HP: 28/28 MP: 2/10
  3901 | D:4      | Noticed Grinder
  4020 | D:4      | Paralysed by Grinder for 2 turns
  4068 | D:4      | Paralysed by Grinder for 7 turns
  4080 | D:4      | Paralysed by Grinder for 3 turns
  4083 | D:4      | Slain by Grinder

Illustrated notes

Levels and vault maps discovered:
D:1:      amcnicky_arrival_choice, layout_loops_corners
D:2:      layout_basic
D:3:      layout_basic, uniq_sigmund
D:4:      layout_basic, temple_fountains, uniq_eustachio, uniq_grinder

Skill      XL: |  1  2  3  4 |
---------------+-------------+-----
Conjurations   | 2 |  2.8
Air Magic      | 5 |  5.7
Dodging        | 3 |  3.1
Stealth        | |  2.0
Spellcasting   | |  2.7

Action                   |  1- 3 |  4- 6 || total
-------------------------+-------+-------++-------
Melee: Mace              |     2 |       ||     2
       Kick              |     3 |     1 ||     4
       Peck              |     2 |     2 ||     4
       Dagger            |     5 |     2 ||     7
       Short sword       |       |     8 ||     8
 Cast: Shock             |    91 |    52 ||   143
       Static Discharge  |     2 |     7 ||     9
  Use: Scroll            |       |     8 ||     8
Armor: Robe              |     1 |     1 ||     2
Dodge: Dodged            |    11 |    16 ||    27

Table legend: (Time is in decaauts)
 A = Elapsed time spent in this place.
 B = Non-inter-level travel time spent in this place.
 C = Inter-level travel time spent in this place.
 D = Time resting spent in this place.
 E = Time spent auto-exploring this place.
 F = Levels seen in this place.
 G = Mean time per level.
                   A        B        C        D        E       F      G
               +--------+--------+--------+--------+--------+-----+--------+
         Total |   4072 |   3695 |    377 |    505 |   2767 |   4 | 1018.0 |
       Dungeon |   4072 |   3695 |    377 |    505 |   2767 |   4 | 1018.0 |
               +--------+--------+--------+--------+--------+-----+--------+

Top non-repeatable levels by time:
     D:3: 1518 daAuts
     D:1: 1367 daAuts
     D:2: 983 daAuts
     D:4: 203 daAuts
